 Dungeon Crawl Stone Soup version 0.28-a0-1412-gf95308ed99 (webtiles) character file.

Game seed: 4372367607503141252

6 snetch the Ducker (level 1, 0/10 HPs)
             Began as a Felid Berserker on Jan 6, 2022.
             Was a Follower of Trog.
             Slain by a ball python (2 damage)
             ... on level 1 of the Dungeon.
             The game lasted 00:00:23 (237 turns).

snetch the Ducker (Felid Berserker)                  Turns: 237, Time: 00:00:24

Health: 0/10       AC:  1    Str: 13    XL:     1   Next: 75%
Magic:  2/2        EV: 15    Int:  8    God:    Trog [*.....]
Gold:   32         SH:  0    Dex: 15    Spells: 0/0 levels left
                                        Lives:  0   Deaths: 0

rFire   . . .      SeeInvis +     - Unarmed
rCold   . . .      Faith    .   (shield unavailable)
rNeg    . . .      Spirit   .   (armour unavailable)
rPois   .          Reflect  .   (helmet unavailable)
rElec   .          Harm     .   (cloak unavailable)
rCorr   .          Rampage  .   (gloves unavailable)
Will    .....                   (boots unavailable)
Stlth   +.........              (no amulet)
HPRegen 0.03/turn               (no ring)
MPRegen 0.08/turn               (no ring)

@: constricted, quick
A: very small, claws 1, fangs 3, see invisible, speed 1, shaggy fur 1, stealthy
paws, no weapons or thrown items, no armour, multi-lived
a: Renounce Religion, Berserk


You were on level 1 of the Dungeon.
You worshipped Trog.
Trog was aware of your devotion.
You visited 1 branch of the dungeon, and saw 1 of its levels.

You collected 32 gold pieces.

Inventory:

Scrolls
 a - a scroll of fog {unknown}


   Skills:
 + Level 3.1 Fighting
 + Level 4.2 Dodging
 + Level 3.1 Unarmed Combat


You couldn't memorise any spells.
You didn't know any spells.
Your spell library was empty.

Dungeon Overview and Level Annotations

Branches:
Dungeon (1/15)

Altars:


Innate Abilities, Weirdness & Mutations

You have sharp claws.
You have razor-sharp teeth.
You have supernaturally acute eyesight. (SInv)
You cover ground quickly. (Speed+)
You are covered in fur. (AC +1)
Your paws help you pounce on unaware monsters.
You are incapable of wielding weapons or throwing items.
You cannot wear armour.
You gain extra lives every three experience levels.


Message History

The frilled lizard completely misses you.
You closely miss the frilled lizard. The frilled lizard barely misses you.
You closely miss the frilled lizard. You bite the frilled lizard.
The frilled lizard is heavily wounded.
The frilled lizard closely misses you.
You miss the frilled lizard.
The frilled lizard is heavily wounded.
The frilled lizard bites you.
You miss the frilled lizard. Your bite misses the frilled lizard.
The frilled lizard is heavily wounded.
The frilled lizard completely misses you.
You miss the frilled lizard.
The frilled lizard is heavily wounded.
The frilled lizard bites you.
You closely miss the frilled lizard.
The frilled lizard is heavily wounded.
The frilled lizard closely misses you.
You claw the frilled lizard!
You kill the frilled lizard!
Trog accepts your kill.
HP restored.
A quokka comes into view.
A bat, a rat and a kobold come into view.
Found 13 gold pieces and a fizzy green potion.
The kobold shouts!
A ball python comes into view.
The bat moves out of view.
The kobold hits you with a +0 club.
You closely miss the quokka. The quokka misses you. The kobold misses you.
You scratch the quokka.
The quokka is moderately wounded.
The quokka barely misses you.
An endoplasm comes into view.
The kobold closely misses you. The ball python closely misses you.
The ball python grabs you. The ball python constricts you.
Unknown command.
You fail to use your ability.
The quokka bites you.
* * * LOW HITPOINT WARNING * * *
The kobold barely misses you. The ball python bites you.
You die...

#..## #...# .. #.#.#
.# # # #.#.## .#!#.#
#.#..# .#$r #.##.##
J.. #.##..##r#
#.###.#KS# ########.#
#..@r# #........#
##.#.......
#.###########.##......
#.# #.......... .#####
#.###.########.#.#
#.........# #...#
#####.###.# #...#
..#####.###.# #...#
#.......†.#.#
#.#>#########


You could see an endoplasm, a quokka, a ball python, a kobold and a rat.

Vanquished Creatures
  A dart slug (D:1)
  2 bats (D:1)
  A frilled lizard (D:1)
4 creatures vanquished.

Notes
Turn   | Place    | Note
-------+----------+-------------------------------------------
     0 | D:1      | snetch the Felid Berserker began the quest for the Orb.
     0 | D:1      | Reached XP level 1. HP: 10/10 MP: 2/2
   237 | D:1      | Slain by a ball python

Illustrated notes

Levels and vault maps discovered:
D:1:      minmay_arrival_diagonal_passages, layout_basic,
          chequers_ecumenical_altar_island, minmay_split_cup_large

Action                   || total
-------------------------++-------
Melee: Unarmed           ||    19
       Bite              ||     2
Armor: Skin              ||     1
Dodge: Dodged            ||    25

Table legend: (Time is in decaauts)
 A = Elapsed time spent in this place.
 B = Non-inter-level travel time spent in this place.
 C = Inter-level travel time spent in this place.
 D = Time resting spent in this place.
 E = Time spent auto-exploring this place.
 F = Levels seen in this place.
 G = Mean time per level.
                   A        B        C        D        E       F      G
               +--------+--------+--------+--------+--------+-----+--------+
         Total |    212 |    212 |      0 |      0 |    168 |   1 |  212.0 |
       Dungeon |    212 |    212 |      0 |      0 |    168 |   1 |  212.0 |
               +--------+--------+--------+--------+--------+-----+--------+

Top non-repeatable levels by time:
     D:1: 212 daAuts
